 Dungeon Crawl Stone Soup version 0.27-a0-1219-g958d993ae5 (webtiles) character file.

Game seed: 16298210587629863337

60341 Gwenloh the Necromancer (level 14, 0/119 HPs)
             Began as a Demonspawn Necromancer on June 6, 2021.
             Was the Champion of Lugonu.
             Slain by a tyrant leech (24 damage)
             ... on level 6 of the Lair of Beasts.
             The game lasted 01:55:29 (33692 turns).

Gwenloh the Necromancer (Demonspawn Necromancer)   Turns: 33692, Time: 01:55:30

Health: 0/119      AC: 11    Str:  9    XL:     14   Next: 56%
Magic:  6/29       EV: 12    Int: 21    God:    Lugonu [******]
Gold:   1883       SH:  0    Dex: 14    Spells: 22/35 levels left

rFire    + . .     SeeInvis .   a - +3 quarterstaff (vamp)
rCold    . . .     Faith    .   (shield currently unavailable)
rNeg     . . .     Spirit   .   v - +1 steam dragon scales
rPois    .         Reflect  .   (helmet restricted)
rElec    .         Harm     .   d - +2 cloak
rCorr    .         Rampage  .   (gloves unavailable)
Will     +....                  w - +0 pair of boots
Stlth    ++........             C - amulet of the acrobat
HPRegen  0.29/turn              F - ring of protection from fire
MPRegen  0.21/turn              z - +4 ring of slaying

@: mighty, slowed, very slow
A: claws 3, horns 1, talons 1, foul stench 2, powered by pain 1, robust 1
a: Renounce Religion, Depart the Abyss, Bend Space, Banish, Corrupt, Enter the
Abyss, Brand Weapon With Distortion


You were on level 6 of the Lair of Beasts.
You worshipped Lugonu.
Lugonu was exalted by your worship.
You visited 2 branches of the dungeon, and saw 16 of its levels.

You collected 1883 gold pieces.

Inventory:

Hand Weapons
 a - a +3 vampiric quarterstaff (weapon)
 b - the +7 arbalest "Otemn" {venom, rN+ rCorr Dex+4}
   (You found it on level 10 of the Dungeon)

   It poisons the ammo it fires.
   It affects your dexterity (+4).
   It protects you from negative energy.
   It protects you from acid and corrosion.
Missiles
 f - 651 stones
 h - 7 boomerangs (quivered)
 k - 3 throwing nets
 t - 8 curare-tipped darts
 O - 49 bolts
 U - 9 atropa-tipped darts
Armour
 d - a +2 cloak (worn)
 v - +1 steam dragon scales (worn)
 w - a +0 pair of boots (worn)
 I - a +2 leather armour of cold resistance
 L - a scarf of repulsion
Jewellery
 j - a +6 ring of strength
 z - a +4 ring of slaying (right claw)
 C - an amulet of the acrobat (around neck)
 F - a ring of protection from fire (left claw)
 G - a ring of protection from cold
 J - a ring of flight
Wands
 o - a wand of flame (19)
 p - a wand of paralysis (16)
 H - a wand of mindburst (30)
 M - a wand of iceblast (23)
 T - a wand of acid (7)
Scrolls
 c - 5 scrolls of amnesia
 n - a scroll of summoning
 r - a scroll of blinking
 x - a scroll of immolation
 y - 6 scrolls of teleportation
 A - 6 scrolls of magic mapping
 E - a scroll of vulnerability
 P - 3 scrolls of enchant armour
 Q - a scroll of identify
 R - 4 scrolls of noise
 V - a scroll of silence {unknown}
Potions
 e - a potion of haste
 g - 4 potions of lignification
 i - 2 potions of brilliance {unknown}
 l - a potion of cancellation {unknown}
 m - a potion of attraction {unknown}
 q - 11 potions of ambrosia
 s - 5 potions of heal wounds
 u - 2 potions of magic {unknown}
 B - 3 potions of might
 D - 4 potions of curing
 K - 5 potions of degeneration
 N - 2 potions of mutation
 S - 3 potions of flight {unknown}


   Skills:
 + Level 9.9 Fighting
 + Level 7.3 Crossbows
 - Level 5.0 Armour
 - Level 1.7 Dodging
 - Level 1.7 Stealth
 + Level 11.4 Spellcasting
 + Level 15.9 Necromancy
 + Level 14.0 Invocations


You had 22 spell levels left.
You knew the following spells:

 Your Spells              Type           Power      Damage    Failure   Level
a - Pain                  Necr           100%       1d9       0%          1
b - Vampiric Draining     Necr           34%        2d10      1%          3
c - Agony                 Necr           68%        N/A       1%          5
d - Animate Dead          Necr           34%        N/A       1%          4

Your spell library contained the following spells:

 Spells                   Type           Power      Damage    Failure   Level
 Animate Skeleton         Necr           100%       N/A       0%          1
 Beastly Appendage        Tmut           24%        N/A       5%          1
 Shock                    Conj/Air       48%        1d6       5%          1
 Summon Small Mammal      Summ           48%        N/A       5%          1
 Call Imp                 Summ           12%        N/A       9%          2
 Static Discharge         Conj/Air       12%        N/A       9%          2
 Wereblood                Tmut           12%        N/A       9%          2
 Call Canine Familiar     Summ           12%        N/A       17%         3
 Spider Form              Tmut/Pois      6%         N/A       17%         3
 Summon Guardian Golem    Hex/Summ       12%        N/A       17%         3
 Swiftness                Air            12%        N/A       17%         3
 Airstrike                Air            6%         N/A       50%         4
 Ice Form                 Ice/Tmut       12%        N/A       50%         4
 Summon Ice Beast         Ice/Summ       12%        N/A       50%         4
 Summon Lightning Spire   Summ/Air       12%        N/A       50%         4
 Hydra Form               Tmut           6%         N/A       83%         5
 Lightning Bolt           Conj/Air       6%         1d18      83%         5


Dungeon Overview and Level Annotations

Branches:
Dungeon (10/15)            Temple (0/1) D:5            Lair (6/6) D:10
 Shoals (0/4) Lair:2       Spider (0/4) Lair:4        Slime (0/5) Lair:5
    Orc (0/2) D:10

Altars:
Ashenzari
Gozag
Kikubaaqudgha
Makhleb
Qazlal
Ru
Uskayaw
Vehumet
Yredelemnul
Jiyva
Lugonu

Annotations:
Lair:6 1 runed translucent door


Innate Abilities, Weirdness & Mutations

You have claws for hands.
You have a pair of small horns on your head.
You have sharp toenails.
You sometimes emit foul miasma when damaged in melee.
You sometimes gain a little power by taking damage.
You are robust. (+10% HP)


Message History

Confirm with . or Enter, or press ? or * to list all spells.
Aiming: Vampiric Draining (safe; 1% risk of failure)
Press: ? - help, Shift-Dir - straight line, f/p - torpor snail
Aim: a torpor snail (moderately wounded)
You draw life force from the torpor snail!
You feel life coursing into your body.
The hornet is engulfed in dark miasma.
The hornet looks even sicker.
The hornet stings you but does no damage.
The hornet is engulfed in dark miasma.
The hornet looks as sick as possible!
The hornet closely misses you. The tyrant leech bites you!
* * * LOW HITPOINT WARNING * * *
The tyrant leech draws strength from your injuries!
A torpor snail comes into view.
The torpor snail bites you.
* * * LOW HITPOINT WARNING * * *
You emit a cloud of foul miasma!
The hornet is engulfed in dark miasma.
The hornet looks as sick as possible!
The torpor snail is engulfed in dark miasma.
The torpor snail is poisoned.
The torpor snail bites you!
* * * LOW HITPOINT WARNING * * *
The hornet closely misses you.
The torpor snail is engulfed in dark miasma.
The torpor snail looks even sicker.
Casting: Vampiric Draining (safe; 1% risk of failure)
Confirm with . or Enter, or press ? or * to list all spells.
Aiming: Vampiric Draining (safe; 1% risk of failure)
Press: ? - help, Shift-Dir - straight line, f - hornet, p - torpor snail
Aim: a hornet (almost dead, extremely poisoned, slow)
You draw life force from the hornet!
You kill the hornet!
Lugonu accepts your kill.
You feel life coursing into your body. The tyrant leech bites you.
* * * LOW HITPOINT WARNING * * *
The tyrant leech draws strength from your injuries!
The torpor snail is engulfed in dark miasma.
The torpor snail looks even sicker.
You kill the torpor snail!
Lugonu accepts your kill. The tyrant leech bites you!!
You die...

# ########### ..####
#.##.P.##.# .....##
##........##
P....###....###..[###
#..#.....## ##....##
##..w@.##.# ###†.⌠#
####..°w######
##..P## #.#.P...w##
##...#+# #..((..○#.#
#..####$$
...#....#### ##..#
$.$ .. ###... ##..##
$$ #.#(. #...# $
####.. #..##### $ #.
##.P#..##


You could see a tyrant leech and 2 torpor snails.

Vanquished Creatures
  Kirke (Lair:6)
  The ghost of Besadwos the Slinger, a journeyman OpHu of Okawaru (Lair:5)
  Harold (D:6)
  A boulder beetle (Lair:4)
  14 hydras
  3 centaur warriors (D:9)
  2 two-headed ogres (D:10)
  2 catoblepae
  6 death yaks
  A lindwurm (Lair:6)
  Pikel (D:7)
  2 oklob plants
  A wolf spider (Lair:4)
  16 elephants
  6 black mambas
  5 torpor snails
  11 cane toads
  A rime drake (Lair:6)
  13 komodo dragons
  2 jumping spiders (Lair:4)
  2 polar bears (Lair:3)
  A troll (D:9)
  A queen bee (Lair:1)
  A tyrant leech (Lair:6)
  5 hornets
  6 blink frogs
  A slime creature (D:9)
  10 dream sheep
  6 redbacks (Lair:4)
  44 yaks
  A wraith (D:10)
  5 wyverns
  Eustachio (D:4)
  A basilisk (Lair:2)
  2 hogs (Lair:6)
  A steam dragon (D:7)
  A two-headed ogre zombie (D:10)
  13 water moccasins
  3 ice beasts
  An orc warrior (D:5)
  2 black bears
  An ogre (D:7)
  A sky beast (D:6)
  12 wolves
  5 centaurs
  A lemure (D:6)
  2 phantoms
  3 kobold brigands
  10 bullfrogs
  3 scorpions
  A wyvern skeleton (D:6)
  3 troll zombies (D:10)
  31 killer bees
  A howler monkey (D:6)
  2 centaur zombies
  A bullfrog zombie (D:6)
  7 orc priests
  4 hounds
  A jelly (D:7)
  3 gnoll shamans
  2 centaur skeletons
  An iguana (D:6)
  4 hell rats
  8 orc wizards
  4 ogre zombies (D:10)
  A hound skeleton (D:4)
  15 gnolls
  7 adders
  A shadow imp (D:6)
  14 white imps
  2 ufetubi (D:6)
  An adder skeleton (D:4)
  A worm (D:5)
  2 dart slugs
  19 orcs
  4 ball pythons
  4 endoplasms
  2 giant cockroaches (D:4)
  6 goblins
  5 hobgoblins
  8 jackals
  3 quokkas
  3 bats
  2 frilled lizards (D:1)
  4 goblin skeletons (D:10)
  3 goblin zombies (D:10)
  A hobgoblin skeleton (D:10)
  2 hobgoblin zombies (D:10)
  18 kobolds
  2 orc skeletons (D:10)
  13 orc zombies (D:10)
  4 rats
456 creatures vanquished.

Vanquished Creatures (others)
  A human (Lair:6)
  3 bushes
  68 fungi
  96 plants
168 creatures vanquished.

Grand Total: 624 creatures vanquished

Notes
Turn   | Place    | Note
-------+----------+-------------------------------------------
     0 | D:1      | Gwenloh the Demonspawn Necromancer began the quest for the
                  | Orb.
     0 | D:1      | Reached XP level 1. HP: 13/13 MP: 3/3
   377 | D:1      | Found a faded altar of an unknown god.
   428 | D:1      | Became a worshipper of Lugonu the Unformed
   428 | D:1      | Reached * piety under Lugonu
   428 | D:1      | Reached ** piety under Lugonu
   577 | D:1      | Gained mutation: You have sharp fingernails. [demonic
                  | ancestry]
   577 | D:1      | Reached XP level 2. HP: 16/19 MP: 1/5
   636 | D:1      | You fall into a shaft and drop 1 floor!
   670 | D:2      | Reached skill level 5 in Necromancy
  1765 | D:3      | Reached XP level 3. HP: 18/24 MP: 0/6
  1824 | D:3      | Learned a level 3 spell: Vampiric Draining
  2029 | D:3      | Reached skill level 6 in Necromancy
  2321 | D:3      | Reached *** piety under Lugonu
  2479 | D:3      | Gained mutation: You sometimes gain a little power by
                  | taking damage. [demonic ancestry]
  2479 | D:3      | Reached XP level 4. HP: 30/30 MP: 0/7
  3063 | D:3      | Reached XP level 5. HP: 25/35 MP: 1/8
  3515 | D:4      | Reached skill level 7 in Necromancy
  3865 | D:4      | Gained mutation: You have very sharp fingernails. [demonic
                  | ancestry]
  3865 | D:4      | Reached XP level 6. HP: 40/41 MP: 8/10
  3886 | D:4      | Noticed Eustachio
  4112 | D:4      | Killed Eustachio
  4113 | D:4      | Reached skill level 8 in Necromancy
  4399 | D:5      | Entered Level 5 of the Dungeon
  4808 | D:5      | Gained mutation: You may rarely emit foul miasma when
                  | damaged in melee. [demonic ancestry]
  4808 | D:5      | Reached XP level 7. HP: 40/46 MP: 5/12
  5182 | D:4      | Reached skill level 9 in Necromancy
  5516 | D:5      | Found a staircase to the Ecumenical Temple.
  6085 | D:6      | Reached **** piety under Lugonu
  6106 | D:6      | HP: 2/46 [wyvern skeleton (2)]
  6625 | D:6      | Found a basalt altar of Yredelemnul.
  6632 | D:6      | Gained mutation: You have claws for hands. [demonic
                  | ancestry]
  6632 | D:6      | Reached XP level 8. HP: 37/52 MP: 7/15
  7307 | D:6      | Reached skill level 5 in Spellcasting
  7307 | D:6      | Reached skill level 10 in Necromancy
  7313 | D:6      | Learned a level 5 spell: Agony
  7318 | D:6      | Learned a level 4 spell: Animate Dead
  7399 | D:6      | HP: 1/52 [bullfrog zombie (4)]
  8031 | D:6      | Reached skill level 1 in Invocations
  9662 | D:7      | Identified the +0 leather armour "Tatraaq" {Str+2 Int+2}
  9704 | D:7      | Noticed Pikel
  9709 | D:7      | Killed Pikel
  9710 | D:7      | Reached skill level 11 in Necromancy
  9710 | D:7      | Gained mutation: You have a pair of small horns on your
                  | head. [demonic ancestry]
  9710 | D:7      | Reached XP level 9. HP: 48/57 MP: 4/18
 10012 | D:7      | Noticed Harold
 10250 | D:6      | Killed Harold
 10251 | D:6      | Reached skill level 12 in Necromancy
 10251 | D:6      | Reached skill level 5 in Invocations
 11146 | D:8      | Found an ancient bone altar of Kikubaaqudgha.
 11368 | D:8      | Reached XP level 10. HP: 62/63 MP: 13/20
 12550 | D:9      | Noticed a centaur warrior
 12564 | D:8      | Reached skill level 1 in Fighting
 12615 | D:9      | Killed a centaur warrior
 12616 | D:9      | Reached skill level 1 in Armour
 13011 | D:9      | Noticed a centaur warrior
 13017 | D:9      | Killed a centaur warrior
 13018 | D:9      | Reached skill level 13 in Necromancy
 13317 | D:9      | Found a hide-covered altar of Uskayaw.
 13318 | D:9      | Found a burning altar of Makhleb.
 13318 | D:9      | Found a sacrificial altar of Ru.
 13319 | D:9      | Found a broken altar of Ashenzari.
 13356 | D:9      | Noticed a centaur warrior
 13369 | D:9      | Killed a centaur warrior
 13930 | D:10     | Entered Level 10 of the Dungeon
 13957 | D:10     | Found a stormy altar of Qazlal.
 13967 | D:10     | Paralysed by a hornet for 3 turns
 13967 | D:10     | Noticed a two-headed ogre
 14349 | D:10     | Reached ***** piety under Lugonu
 14350 | D:10     | Reached XP level 11. HP: 76/76 MP: 5/23
 14479 | D:10     | Found an opulent altar of Gozag.
 14605 | D:10     | Found a staircase to the Lair.
 14609 | D:10     | Identified the +7 arbalest "Otemn" {venom, rN+ rCorr Dex+4}
 16001 | D:10     | Found a staircase to the Orcish Mines.
 16128 | D:10     | Killed a two-headed ogre
 16295 | D:10     | Found a radiant altar of Vehumet.
 16319 | D:10     | Noticed a two-headed ogre
 16329 | D:10     | Killed a two-headed ogre
 16813 | Lair:1   | Entered Level 1 of the Lair of Beasts
 16932 | Lair:1   | Noticed an oklob plant
 16944 | Lair:1   | Killed an oklob plant
 17564 | Lair:1   | Reached skill level 5 in Fighting
 17988 | Lair:1   | Noticed a four-headed hydra
 17993 | Lair:1   | Killed a four-headed hydra
 18108 | Lair:1   | Noticed a four-headed hydra
 18122 | Lair:1   | Killed a four-headed hydra
 18123 | Lair:1   | Reached skill level 5 in Armour
 18123 | Lair:1   | Reached skill level 10 in Invocations
 18920 | Lair:2   | Noticed a four-headed hydra
 18927 | Lair:2   | Killed a four-headed hydra
 19029 | Lair:2   | Found a staircase to the Shoals.
 19076 | Lair:2   | Reached skill level 14 in Necromancy
 19139 | Lair:2   | Reached skill level 1 in Crossbows
 19139 | Lair:2   | Gained mutation: You sometimes emit foul miasma when
                  | damaged in melee. [demonic ancestry]
 19139 | Lair:2   | Reached XP level 12. HP: 87/87 MP: 25/25
 20724 | Lair:3   | Noticed a catoblepas
 20873 | Lair:3   | Killed a catoblepas
 21388 | Lair:3   | Noticed a seven-headed hydra
 21394 | Lair:3   | HP: 2/89 [seven-headed hydra (9)]
 21395 | Lair:3   | Killed a seven-headed hydra
 22598 | Lair:3   | Noticed a seven-headed hydra
 22748 | Lair:3   | Noticed a seven-headed hydra
 22754 | Lair:3   | Killed a seven-headed hydra
 23248 | Lair:3   | Killed a seven-headed hydra
 23249 | Lair:3   | Reached skill level 10 in Spellcasting
 23352 | Lair:3   | Gained mutation: You have sharp toenails. [demonic
                  | ancestry]
 23352 | Lair:3   | Reached XP level 13. HP: 78/97 MP: 3/27
 24281 | Lair:4   | Found a hole to the Spider Nest.
 25846 | Lair:4   | Reached ****** piety under Lugonu
 25847 | Lair:4   | Reached skill level 5 in Crossbows
 26300 | Lair:4   | Reached skill level 15 in Necromancy
 29525 | Lair:5   | Found a runed translucent gate.
 29526 | Lair:5   | Found a runed translucent gate.
 29526 | Lair:5   | Noticed Besadwos's ghost (journeyman OpHu)
 29527 | Lair:5   | Found a runed translucent gate.
 29780 | Lair:4   | Gained mutation: You are robust. (+10% HP) [demonic
                  | ancestry]
 29780 | Lair:4   | Reached XP level 14. HP: 49/118 MP: 9/28
 30712 | Lair:5   | Found a viscous altar of Jiyva.
 30712 | Lair:5   | Found a staircase to the Slime Pits.
 31357 | Lair:5   | Identified a scroll of acquirement
 31360 | Lair:5   | Acquired 897 gold pieces
 31387 | Lair:5   | Killed Besadwos's ghost
 31533 | Lair:6   | Entered Level 6 of the Lair of Beasts
 33327 | Lair:6   | Noticed Kirke
 33338 | Lair:6   | Killed Kirke
 33553 | Lair:6   | Found a runed translucent door.
 33692 | Lair:6   | Slain by a tyrant leech

Illustrated notes

Levels and vault maps discovered:
D:1:      dpeg_arrival_another_circle, layout_loops_ring, basic_ecumenical_altar
D:2:      layout_basic
D:3:      layout_basic
D:4:      layout_cave_pools, uniq_eustachio
D:5:      layout_basic, minmay_temple_entry_arrows
D:6:      minmay_recursive_quarters, layout_gridville, yredelemnul_altar_generic
D:7:      layout_cave_pools, uniq_pikel, uniq_harold
D:8:      layout_basic, kiku_gazebo_garden_becter
D:9:      minmay_diamond_stairs, layout_loops_cross,
          chequers_temple_overflow_statue_of_worship, kennysheep_small_spiral,
          kennysheep_windowed_goal
D:10:     layout_loops_cross, nicolae_qazlal_eye_of_the_storm,
          fiery_altar_vehumet, grunt_gozag_statues, dpeg_oklobed_lair,
          zombieorc2_lemuel
Lair:1:   layout_cave_pods, special_room [special_room_bee],
          minmay_lair_oklob_items
Lair:2:   layout_regular_city, shoals_dummy_entry, minmay_hedge_maze,
          chequers_serial_rivers_small_3, beast_lair_carwin_3
Lair:3:   layout_cave_pods, grunt_megastairs_5, infiniplex_staircase_pool_2,
          lemuel_fruit_tree
Lair:4:   nzn_winding_woodlands_three_and_one
          [nzn_winding_woodlands_5x15_crooked, nzn_winding_woodlands_5x15_cabin,
          nzn_winding_woodlands_5x15_twine, nzn_winding_woodlands_center_lodge],
          layout_cave_pods, nicolae_spider_entry_tight_spaces
Lair:5:   layout_loops_ring, dpeg_slime_entry_enclosed_altar,
          ebering_ghost_rock_garden, grunt_megastairs_2
Lair:6:   hangedman_lair_caniforms_friends, layout_long_grid, wormcave,
          portal_ice_cave_entry_imps, uniq_kirke

Skill      XL: |  1  2  3  4  5  6  7  8  9 10 11 12 13 14 |
---------------+-------------------------------------------+-----
Necromancy     | 5 6 7 8 9 11 12 13 14 15 | 15.9
Spellcasting   | 3 4 6 7 8 9 10 11 | 11.4
Invocations    | 4 6 8 10 11 13 14 | 14.0
Fighting       | 3 5 7 9 |  9.9
Armour         | 3 5 |  5.0
Crossbows      | 1 4 6 7 |  7.3
Dodging        | |  1.7
Stealth        | |  1.7

Action                   |  1- 3 |  4- 6 |  7- 9 | 10-12 | 13-15 || total
-------------------------+-------+-------+-------+-------+-------++-------
Melee: Unarmed           |     8 |       |       |       |       ||     8
       Quarterstaff      |       |    12 |    81 |    88 |   170 ||   351
       Headbutt          |       |       |     1 |    17 |    45 ||    63
 Fire: Arbalest          |       |       |       |   191 |   152 ||   343
Throw: Stone             |     5 |       |       |       |       ||     5
       Boomerang         |    13 |    14 |    20 |    22 |     1 ||    70
 Cast: Pain              |    60 |    70 |   111 |   157 |    74 ||   472
       Vampiric Draining |     1 |    10 |    52 |   141 |   144 ||   348
       Agony             |       |       |     7 |    42 |    50 ||    99
       Animate Dead      |       |       |       |       |     1 ||     1
Invok: Bend Space        |       |       |     1 |     3 |     6 ||    10
Evoke: Wand              |       |     8 |     4 |     1 |       ||    13
  Use: Scroll            |       |       |    10 |     5 |     9 ||    24
       Potion            |       |       |       |     1 |     2 ||     3
 Stab: Sleeping          |       |       |     1 |       |     2 ||     3
       Distracted        |       |       |     1 |       |       ||     1
Armor: Robe              |     2 |     2 |    48 |       |       ||    52
       Leather armour    |       |       |    17 |       |       ||    17
       Steam dragon scal |       |       |     5 |   168 |   188 ||   361
Dodge: Dodged            |    13 |    25 |   130 |   301 |   313 ||   782

Table legend: (Time is in decaauts)
 A = Elapsed time spent in this place.
 B = Non-inter-level travel time spent in this place.
 C = Inter-level travel time spent in this place.
 D = Time resting spent in this place.
 E = Time spent auto-exploring this place.
 F = Levels seen in this place.
 G = Mean time per level.
                   A        B        C        D        E       F      G
               +--------+--------+--------+--------+--------+-----+--------+
         Total |  34077 |  32671 |   1406 |   5733 |  22091 |  16 | 2129.8 |
       Dungeon |  16982 |  16192 |    790 |   2282 |  11704 |  10 | 1698.2 |
          Lair |  17095 |  16479 |    616 |   3451 |  10387 |   6 | 2849.2 |
               +--------+--------+--------+--------+--------+-----+--------+

Top non-repeatable levels by time:
  Lair:4: 4728 daAuts
  Lair:3: 3639 daAuts
     D:6: 3181 daAuts
  Lair:2: 2764 daAuts
  Lair:1: 2191 daAuts
     D:9: 2067 daAuts
     D:5: 2055 daAuts
  Lair:6: 1952 daAuts
    D:10: 1921 daAuts
  Lair:5: 1819 daAuts
     D:7: 1667 daAuts
     D:3: 1510 daAuts
     D:4: 1461 daAuts
     D:8: 1356 daAuts
     D:1: 1210 daAuts
